 Dungeon Crawl Stone Soup version 0.20-a0-501-g0de2c2e (webtiles) character file.

2132 Ijustatesigmund the Carver (level 9, 0/75 HPs)
             Began as a Barachian Fighter on Jan 19, 2017.
             Slain by a centaur (3 damage)
             ... on level 7 of the Dungeon.
             The game lasted 00:21:16 (6622 turns).

Ijustatesigmund the Carver (Barachian Fighter)      Turns: 6622, Time: 00:21:17

Health: 0/75       AC: 10    Str: 15 (16) XL:     9   Next: 30%
Magic:  9/9        EV: 11    Int:  4 (6)  God:
Gold:   258        SH:  8    Dex: 11 (12) Spells: 8/8 levels left

rFire    . . .     SeeInvis .   a - +1 long sword
rCold    + . .     Gourm    .   b - +0 scale mail
rNeg     . . .     Faith    .   c - +0 shield
rPois    .         Spirit   .   (helmet restricted)
rElec    .         Reflect  .   p - +0 cloak
rCorr    .         Harm     .   (no gloves)
MR       .....                  j - +1 pair of boots
Stlth    ..........             (no amulet)
Regen    0.3/turn               (no ring)
                                k - +3 ring of evasion

@: lethally poisoned (0 -> -1), slow
A: swims, antennae 1, cold resistance 1, screaming 1, slowness 1, strong legs 1
a: Hop


You were on level 7 of the Dungeon.
You were not hungry.

You visited 1 branch of the dungeon, and saw 7 of its levels.
You also visited: Sewer.

You collected 258 gold pieces.

Inventory:

Hand Weapons
 a - a +1 long sword (weapon)
 w - a +0 falchion of holy wrath
Missiles
 g - a javelin (quivered)
Armour
 b - a +0 scale mail (worn)
 c - a +0 shield (worn)
 j - a +1 pair of boots (worn)
 p - a +0 cloak (worn)
 u - a +1 helmet
Jewellery
 k - a +3 ring of evasion (left hand)
Wands
 s - a wand of confusion (0/48)
Scrolls
 d - a scroll of enchant weapon
 q - 3 scrolls of remove curse
Potions
 h - a potion of brilliance
 i - a potion of resistance
 m - a potion of agility
 o - 3 potions of flight
 x - a potion of cancellation {unknown}
Comestibles
 f - 7 bread rations
 l - 3 chunks of flesh
 t - 6 meat rations


   Skills:
 + Level 8.6 Fighting
 + Level 9.3 Long Blades
 - Level 5.0 Armour
 - Level 3.0 Dodging
 - Level 3.0 Shields


You had 8 spell levels left.
You didn't know any spells.

Dungeon Overview and Level Annotations

Branches:
Dungeon (7/15)
 Temple: D:4-7

Altars:
Qazlal

Shops:
D:7 ?

Annotations:
D:6 Blork the orc; sose's ghost, novice DrSk


Innate Abilities, Weirdness & Mutations

You can swim through water.
You cover ground slowly.
You can hop short distances.
You have a pair of small antennae on your head.
Your flesh is cold resistant. (rC+)
You occasionally shout uncontrollably at your foes.


Message History

You feel sick.
You start resting.
You feel sick. x8
A centaur comes into view.
The centaur wields a shortbow.
The centaur shoots an arrow.
The arrow hits you.
* * * LOW HITPOINT WARNING * * *
You see here an arrow.
You feel sick.
The centaur shoots an arrow.
You block the arrow.
The centaur shoots an arrow.
You block the arrow.
You see here an arrow.
Okay, then.
The centaur unwields an uncursed shortbow.
The centaur barely misses you.
You riposte.
Your shield and scale mail prevent you from hitting the centaur.
Your shield and scale mail prevent you from hitting the centaur.
You feel sick. You block the centaur's attack. The centaur hits you.
* * * LOW HITPOINT WARNING * * *
You slash the centaur!
The centaur is heavily wounded.
The centaur hits you.
You die...

.... #.. #.# # #
#.#[# ###
#.###†#.# ..
#.......# #
#.###.### #
#.###.#########.
#####
#....@((........
(....
#..#c#########..
..... ......∩
..... #####..
##### #.# #Z .(
.##### .. ......
######


You could see a centaur and a quokka zombie.

Vanquished Creatures
  The ghost of Ijustatesigmund the Slasher, a novice BaFi (D:3)
  A spriggan (D:7)
  Edmund (D:4)
  2 ice beasts
  Purgy (Sewer)
  A phantom (D:5)
  2 centaurs
  A water moccasin zombie (D:5)
  2 scorpions
  6 killer bees (D:7)
  A crimson imp (D:5)
  A bullfrog zombie (D:5)
  4 orc priests
  2 hounds
  A jelly (D:7)
  An orc wizard (D:3)
  Ijyb (D:3)
  An iguana (D:7)
  A centaur skeleton (D:4)
  A worker ant (D:6)
  A hound skeleton (D:4)
  Robin (D:3)
  11 adders
  3 worms
  A dart slug (D:3)
  5 leopard geckos
  9 orcs
  5 bats
  8 giant cockroaches
  17 goblins
  7 hobgoblins
  6 jackals (D:3)
  8 kobolds
  5 quokkas
  3 ball pythons
  9 frilled lizards
  6 rats
137 creatures vanquished.

Notes
Turn   | Place    | Note
-------+----------+-------------------------------------------
     0 | D:1      | Ijustatesigmund the Barachian Fighter began the quest for the Orb.
     0 | D:1      | Reached XP level 1. HP: 18/18 MP: 1/1
    66 | D:1      | Reached XP level 2. HP: 21/24 MP: 2/2
    82 | D:1      | Reached skill level 3 in Long Blades
   551 | D:1      | Reached XP level 3. HP: 29/29 MP: 3/3
  1161 | D:3      | Reached skill level 4 in Long Blades
  1218 | D:3      | Reached XP level 4. HP: 24/37 MP: 4/4
  1322 | D:3      | Noticed Robin
  1333 | D:3      | Killed Robin
  1510 | D:3      | Noticed Ijustatesigmund's ghost (novice BaFi)
  1693 | D:3      | Killed Ijustatesigmund's ghost
  1693 | D:3      | Reached skill level 5 in Fighting
  1693 | D:3      | Reached skill level 6 in Long Blades
  1693 | D:3      | Reached XP level 5. HP: 8/44 MP: 5/5
  1693 | D:3      | Reached XP level 6. HP: 9/51 MP: 6/6
  1955 | D:3      | Noticed Ijyb
  1965 | D:3      | Killed Ijyb
  1998 | D:3      | Reached XP level 7. HP: 9/56 MP: 7/7
  2210 | D:3      | Reached skill level 1 in Dodging
  3281 | D:4      | Noticed Edmund
  4029 | D:4      | Killed Edmund
  4193 | D:4      | Reached skill level 7 in Long Blades
  4193 | D:4      | Reached XP level 8. HP: 64/64 MP: 8/8
  4214 | D:4      | Found a stormy altar of Qazlal.
  4345 | D:5      | Entered Level 5 of the Dungeon
  4384 | D:5      | Reached skill level 5 in Armour
  4644 | D:5      | Found a glowing drain.
  4650 | Sewer    | Entered a sewer
  4679 | Sewer    | Noticed Purgy
  4687 | Sewer    | Killed Purgy
  5227 | D:6      | Noticed sose's ghost (novice DrSk)
  5478 | D:5      | Reached skill level 8 in Long Blades
  5646 | D:6      | Noticed Blork the orc
  6007 | D:7      | Reached XP level 9. HP: 74/74 MP: 9/9
  6088 | D:7      | Reached skill level 9 in Long Blades
  6137 | D:7      | HP: 3/75 [poisoned by a killer bee]
  6144 | D:7      | HP: 3/75 [poisoned by a killer bee]
  6152 | D:7      | HP: 3/75 [poisoned by a killer bee]
  6507 | D:7      | Found Xixtapti's Magic Scroll Shoppe.
  6587 | D:7      | Gained mutation: You occasionally shout uncontrollably at your foes. [potion of mutation]
  6587 | D:7      | Gained mutation: Your flesh is cold resistant. (rC+) [potion of mutation]
  6587 | D:7      | Gained mutation: You have a pair of small antennae on your head. [potion of mutation]
  6621 | D:7      | HP: 3/75 [centaur (5)]
  6622 | D:7      | Slain by a centaur

Vault maps used:
D:1:      shiori_arrival_oz, serial_bayou_pond_d, serial_bayou_pond_d
D:3:      columned_hall_lemuel, grunt_decor_mini_mirrors, uniq_iyjb, uniq_robin
D:4:      nicolae_qazlal_eye_of_the_storm, uniq_edmund
D:5:      lightli_sewer_entry_pipes, first_bread, kennysheep_small_spiral
D:6:      minivault_4, minmay_misc_feat_rugged, grunt_ministairs_10,
          sword_in_stone
D:7:      serial_shops, shop, the_bakery
Sewer:    kennysheep_door_sewer

Skill      XL: |  1  2  3  4  5  6  7  8  9 |
---------------+----------------------------+-----
Long Blades    | 3 4 6 7 8 9 |  9.3
Fighting       | 5 7 8 |  8.6
Dodging        | 2 3 |  3.0
Armour         | 4 5 |  5.0
Shields        | |  3.0

Action                   |  1- 3 |  4- 6 |  7- 9 || total
-------------------------+-------+-------+-------++-------
Melee: Long sword        |   168 |    85 |   400 ||   653
       Falchion          |       |       |    20 ||    20
Throw: Javelin           |       |     5 |     4 ||     9
 Abil: Hop               |     1 |     2 |     4 ||     7
Evoke: Wand              |       |       |     8 ||     8
  Use: Scroll            |     6 |       |    14 ||    20
       Potion            |       |     2 |    12 ||    14
 Stab: Confused          |       |       |     1 ||     1
  Eat: Chunk             |     2 |     2 |     8 ||    12
       Beef jerky        |       |       |     1 ||     1
       Bread ration      |       |       |     2 ||     2
Armor: Scale mail        |   112 |    52 |   189 ||   353
Dodge: Dodged            |    59 |    16 |   165 ||   240
Block: Shield            |    90 |    35 |   227 ||   352
       Rpst.: Long sword |    18 |     4 |    53 ||    75
       Falchion          |       |       |     1 ||     1
